 Dungeon Crawl Stone Soup version 0.28-a0-730-g892d06dc2c (webtiles) character file.

Game seed: 4434803424970446297

127 ytrimaz the Conjurer (level 4, -1/36 HPs)
             Began as a Deep Elf Conjurer on Oct 28, 2021.
             Killed from afar by an orc wizard (8 damage)
             ... with a puff of flame
             ... on level 3 of the Dungeon.
             The game lasted 00:02:49 (2693 turns).

ytrimaz the Conjurer (Deep Elf Conjurer)            Turns: 2693, Time: 00:02:53

Health: -1/36      AC: 22    Str:  4    XL:     4   Next: 85%
Magic:  1/12       EV:  2    Int: 24    God:
Gold:   48         SH:  0    Dex: 13    Spells: 10/11 levels left

rFire   . . .      SeeInvis .   (no weapon)
rCold   . . .      Faith    .   (no shield)
rNeg    . . .      Spirit   .   (armour currently unavailable)
rPois   +          Reflect  .   (helmet currently unavailable)
rElec   .          Harm     .   (cloak currently unavailable)
rCorr   .          Rampage  .   (gloves currently unavailable)
Will    .....      NoTele   +   (boots currently unavailable)
Stlth   ++........              (no amulet)
HPRegen 0.12/turn               (no ring)
MPRegen 0.13/turn               (no ring)

@: tree-form, hasted, very quick
A: stationary, stasis, torment immunity, boosted hp
a: no special abilities


You were on level 3 of the Dungeon.
You were a tree.
You visited 1 branch of the dungeon, and saw 3 of its levels.

You collected 48 gold pieces.

Inventory:

Armour
 a - a +0 robe (melded)
 c - a +0 pair of gloves (melded)
 i - a +0 cloak (melded)
Scrolls
 b - a scroll of blinking
 d - a scroll of enchant weapon
 h - 2 scrolls of identify
 k - a scroll of magic mapping {unknown}
Potions
 e - a potion of flight
 f - a potion of berserk rage
 j - 2 potions of haste


   Skills:
 - Level 2.4 Dodging
 + Level 3.2 Stealth
 + Level 4.3 Spellcasting
 + Level 6.0 Conjurations


You had 10 spell levels left.
You knew the following spells:

 Your Spells              Type           Power      Damage    Failure   Level
a - Magic Dart            Conj           100%       1d8       1%          1

Your spell library contained the following spells:

 Spells                   Type           Power      Damage    Failure   Level
 Searing Ray              Conj           68%        2d6       1%          2
 Dazzling Flash           Conj/Hex       38%        N/A       9%          3
 Ensorcelled Hibernation  Hex/Ice        10%        N/A       14%         2
 Fulminant Prism          Conj/Hex       9%         3d7       26%         4
 Iskenderun's Mystic Bla  Conj/Tloc      19%        2d6       26%         4
 Tukima's Dance           Hex            5%         N/A       28%         3


Dungeon Overview and Level Annotations

Branches:
Dungeon (3/15)

Altars:

Annotations:
D:3 3 runed translucent doors, Sabo's ghost, weakling DsGl


Message History

The magic dart hits the orc!
You kill the orc!
An orc comes into view. It is wielding a +0 falchion.
The magic dart hits the orc.
The orc is almost dead.
The orc shouts!
The magic dart hits the orc!
You kill the orc!
An orc wizard comes into view. It is wielding a +1 vampiric dagger.
The magic dart hits the orc.
The orc is moderately wounded.
The orc wizard shouts!
You are too depleted to draw on your mana recklessly!
You are too depleted to draw on your mana recklessly!
The orc throws a boomerang.
The boomerang barely misses you.
The magic dart hits the orc.
The orc is almost dead.
The orc throws a boomerang.
The boomerang hits you.
The orc throws a boomerang.
The boomerang misses you.
The magic dart hits the orc wizard.
The orc wizard is moderately wounded.
The orc wizard mumbles some strange words.
The orc wizard flickers and vanishes!
Deactivating autopickup; reactivate with Ctrl-A.
The orc throws a boomerang.
The boomerang hits you.
A magic dart appears from out of thin air!
The magic dart hits you!
* * * LOW HITPOINT WARNING * * *
You are too injured to fight recklessly!
Unknown command.
It was a potion of haste.
You feel yourself speed up.
The orc throws a boomerang.
The boomerang hits you.
* * * LOW HITPOINT WARNING * * *
It was a potion of lignification.
You turn into a tree.
Your +0 cloak melds into your body.
Your +0 pair of gloves melds into your body.
Your +0 robe melds into your body.
Your roots penetrate the ground.
A puff of flame appears from out of thin air!
The puff of flame hits you!
You die...

#... #..#.o{≈≈≈.....#
#.###.##........####
#.##..####......# #.#. #....##
###....# $..# ... #..### ###o..##
.K. ##.. ##).# ###{.....#
...#.#..##...#####...##...##
#.#K⌠#..#...###....##...#..#
..K#K#....>## #.♣.....####.######
.KKW###....# #.....### #...##..
+++##......####....## ###....#
.........#.........##### #.....#
#.#......#####.........####.###.#
#....##..# ##....###..........#
##.......# #....# #####.####..
#...#.#.## #....# #.# #.#
....#....# ###### #.# #.#


You could see an orc.

Vanquished Creatures
  An orc wizard (D:3)
  4 adders
  A worm (D:3)
  A dart slug (D:1)
  3 orcs (D:3)
  2 endoplasms
  A giant cockroach (D:1)
  11 goblins
  8 hobgoblins
  3 kobolds
  3 quokkas
  5 ball pythons
  4 bats
  A frilled lizard (D:2)
  8 rats
56 creatures vanquished.

Notes
Turn   | Place    | Note
-------+----------+-------------------------------------------
     0 | D:1      | ytrimaz the Deep Elf Conjurer began the quest for the Orb.
     0 | D:1      | Reached XP level 1. HP: 10/10 MP: 6/6
   283 | D:1      | Reached XP level 2. HP: 15/15 MP: 6/8
   528 | D:1      | Reached skill level 5 in Conjurations
  1256 | D:2      | Reached XP level 3. HP: 19/19 MP: 7/9
  1898 | D:2      | Reached XP level 4. HP: 24/24 MP: 7/11
  2548 | D:3      | Found a runed translucent gate.
  2548 | D:3      | Found a runed translucent gate.
  2548 | D:3      | Found a runed translucent gate.
  2554 | D:3      | Noticed Sabo's ghost (weakling DsGl)
  2554 | D:3      | Noticed a kobold brigand
  2669 | D:3      | Reached skill level 6 in Conjurations
  2693 | D:3      | Killed from afar by an orc wizard

Illustrated notes

Levels and vault maps discovered:
D:1:      psy_arrival_radial01, layout_basic
D:2:      layout_basic
D:3:      layout_rooms, gammafunk_ghost_nasty_kobolds,
          shapermc_ecumenical_altar_mp_highgroup, hex_intersection,
          serial_park_tiny_pond, lemuel_another_geyser

Skill      XL: |  1  2  3  4 |
---------------+-------------+-----
Conjurations   | 5 6 |  6.0
Stealth        | 3 |  3.2
Spellcasting   | 4 |  4.3
Dodging        | |  2.4

Action                   |  1- 3 |  4- 6 || total
-------------------------+-------+-------++-------
 Cast: Magic Dart        |    73 |    45 ||   118
  Use: Scroll            |     3 |     2 ||     5
       Potion            |       |     2 ||     2
Armor: Robe              |       |     1 ||     1
Dodge: Dodged            |     4 |     4 ||     8

Table legend: (Time is in decaauts)
 A = Elapsed time spent in this place.
 B = Non-inter-level travel time spent in this place.
 C = Inter-level travel time spent in this place.
 D = Time resting spent in this place.
 E = Time spent auto-exploring this place.
 F = Levels seen in this place.
 G = Mean time per level.
                   A        B        C        D        E       F      G
               +--------+--------+--------+--------+--------+-----+--------+
         Total |   2692 |   2642 |     50 |      0 |   2356 |   3 |  897.3 |
       Dungeon |   2692 |   2642 |     50 |      0 |   2356 |   3 |  897.3 |
               +--------+--------+--------+--------+--------+-----+--------+

Top non-repeatable levels by time:
     D:1: 1237 daAuts
     D:2: 931 daAuts
     D:3: 523 daAuts
